 Dungeon Crawl Stone Soup version 0.20-a0-522-g0b37eee (webtiles) character file.

28 nubinia the Sneak (level 3, -12/16 HPs)
             Began as a Spriggan Earth Elementalist on Jan 25, 2017.
             Killed from afar by Sigmund (13 damage)
             ... with a wand of flame (?/48)
             ... on level 2 of the Dungeon.
             The game lasted 00:04:34 (1413 turns).

nubinia the Sneak (Spriggan Earth Elementalist)     Turns: 1413, Time: 00:04:35

Health: -12/16     AC:  2    Str:  4    XL:     3   Next: 0%
Magic:  8/8        EV: 19    Int: 17    God:
Gold:   26         SH:  0    Dex: 16    Spells: 5/8 levels left

rFire    . . .     SeeInvis +   a - +0 dagger
rCold    . . .     Gourm    .   c - +0 robe
rNeg     . . .     Faith    .   (shield restricted)
rPois    .         Spirit   .   (helmet restricted)
rElec    .         Reflect  .   (no cloak)
rCorr    .         Harm     .   (gloves unavailable)
MR       .....                  (boots unavailable)
Stlth    +++.......             (no amulet)
Regen    0.1/turn               (no ring)
                                (no ring)

@: very quick
A: unfitting armour, see invisible, herbivore 3, speed 3, slow metabolism 2
a: no special abilities


You were on level 2 of the Dungeon.
You were not hungry.

You visited 1 branch of the dungeon, and saw 2 of its levels.

You collected 26 gold pieces.

Inventory:

Hand Weapons
 a - a +0 dagger (weapon)
Missiles
 b - 9 stones (quivered)
Armour
 c - a +0 robe (worn)
Scrolls
 f - a scroll of remove curse {unknown}
Potions
 g - a potion of degeneration {unknown}
Books
 e - a book of Geomancy

   Spells                             Type                      Level
   a - Sandblast                      Earth                        1
   b - Passwall                       Transmutation/Earth          2
   c - Stone Arrow                    Conjuration/Earth            3
   d - Petrify                        Transmutation/Earth          4
   e - Lee's Rapid Deconstruction     Earth                        5
Comestibles
 d - 2 bread rations


   Skills:
 + Level 0.1 Fighting
 + Level 3.5 Dodging
 + Level 3.6 Stealth
 + Level 3.1 Spellcasting
 + Level 1.3 Transmutations
 + Level 3.1 Earth Magic


You had 5 spell levels left.
You knew the following spells:

 Your Spells              Type           Power        Failure   Level  Hunger
a - Sandblast             Erth           ##....       6%          1    None
b - Passwall              Tmut/Erth      ##........   12%         2    ##.....


Dungeon Overview and Level Annotations

Branches:
Dungeon (2/15)

Altars:

Annotations:
D:2 Sigmund


Innate Abilities, Weirdness & Mutations

You are very small and have problems with some larger weapons.
You are too small for most types of armour.
You have supernaturally acute eyesight. (SInv)
You are a herbivore.
You cover ground extremely quickly.
You need consume almost no food.


Message History

A goblin and Sigmund come into view.
Found a bread ration and a scroll labeled RYUKAE OBLYHU.
Found a stone staircase leading up.
There is a stone staircase leading up here.
The helpless goblin fails to defend itself.
You puncture the goblin!
You kill the goblin!
You have reached level 3!
Your experience leads to an increase in your attributes!
Increase (S)trength, (I)ntelligence, or (D)exterity?
You feel clever.
Sigmund points at you and mumbles some strange words.
The magic dart hits you!
You see here a bread ration.
Sigmund casts a spell at you. The magic dart hits you!
* * * LOW HITPOINT WARNING * * *
Sigmund zaps a wand.
The puff of flame hits you!
Ouch! That really hurt!
You die...

## .. ... #.
... .. #.##.
#..#.#####
##...#...##
###.........##
....<..@.....#
##........%..#
#........<.)#
##.........##
##........#
######.#.#
#.#@# #.#..
#.###


You could see Sigmund.

Vanquished Creatures
  A leopard gecko (D:1)
  A bat (D:1)
  3 giant cockroaches (D:1)
  5 hobgoblins (D:1)
  3 kobolds (D:1)
  5 goblins
  8 rats (D:1)
26 creatures vanquished.

Notes
Turn   | Place    | Note
-------+----------+-------------------------------------------
     0 | D:1      | nubinia the Spriggan Earth Elementalist began the quest for the Orb.
     0 | D:1      | Reached XP level 1. HP: 9/9 MP: 5/5
   275 | D:1      | Reached XP level 2. HP: 13/13 MP: 4/6
   279 | D:1      | Learned a level 2 spell: Passwall
  1407 | D:2      | Noticed Sigmund
  1409 | D:2      | Reached XP level 3. HP: 10/16 MP: 8/8
  1413 | D:2      | Killed from afar by Sigmund

Vault maps used:
D:1:      dpeg_arrival_ratfight, serial_forest, infiniplex_forest_end_2,
          infiniplex_forest_lined_room_3, infiniplex_forest_clump_tiny,
          infiniplex_forest_straight_2, infiniplex_forest_straight_3
D:2:      grunt_temple_overflow_holy_war, old_standard_altar, first_bread,
          uniq_natasha, uniq_terence, uniq_sigmund

Skill      XL: |  1  2 |
---------------+-------+-----
Earth Magic    | 3 |  3.1
Spellcasting   | 3 |  3.1
Fighting       | |  0.1
Dodging        | |  3.5
Stealth        | |  3.6
Transmutations | |  1.3

Action                   || total
-------------------------++-------
Melee: Dagger            ||    88
 Cast: Sandblast         ||    21
 Stab: Sleeping          ||     3
Armor: Robe              ||     5
Dodge: Dodged            ||    51
